 Dungeon Crawl Stone Soup version 0.22.1-2-g9c5b331383 (webtiles) character file.

15 SQman the Ruffian (level 2, 0/23 HPs)
             Began as a Draconian Transmuter on Dec 9, 2018.
             Slain by a jackal (3 damage)
             ... on level 1 of the Dungeon.
             The game lasted 00:03:55 (343 turns).

SQman the Ruffian (Draconian Transmuter)             Turns: 343, Time: 00:03:56

Health: 0/23       AC:  4    Str: 12    XL:     2   Next: 34%
Magic:  5/5        EV: 12    Int: 13    God:
Gold:   9          SH:  0    Dex: 11    Spells: 4/5 levels left

rFire    . . .     SeeInvis .     - Unarmed
rCold    . . .     Gourm    .   (no shield)
rNeg     . . .     Faith    .   (armour unavailable)
rPois    .         Spirit   .   (helmet restricted)
rElec    .         Reflect  .   (no cloak)
rCorr    .         Harm     .   (no gloves)
MR       .....                  (no boots)
Stlth    +.........             (no amulet)
HPRegen  0.07/turn              (no ring)
MPRegen  0.09/turn              (no ring)

@: no status effects
A: unfitting armour, cold-blooded, AC +4
a: no special abilities


You were on level 1 of the Dungeon.
You were not hungry.

You visited 1 branch of the dungeon, and saw 1 of its levels.

You collected 9 gold pieces.

Inventory:

Hand Weapons
 e - a +0 dagger
Missiles
 a - 12 arrows
Scrolls
 d - 2 scrolls of enchant weapon
Potions
 g - a potion of berserk rage
Comestibles
 b - 2 chunks of flesh
 c - 2 rations


   Skills:
 + Level 1.1 Fighting
 + Level 2.0 Dodging
 + Level 3.4 Unarmed Combat
 + Level 2.1 Spellcasting
 + Level 2.0 Transmutations


You had 4 spell levels left.
You knew the following spells:

 Your Spells              Type           Power        Failure   Level  Hunger
a - Beastly Appendage     Tmut           #.....       11%         1    ##.....

Your spell library contained the following spells:

 Spells                   Type           Power        Failure   Level  Hunger
 Sticks to Snakes         Tmut           #.......     16%         2    ###....
 Spider Form              Tmut/Pois      #.........   45%         3    ####...
 Ice Form                 Ice/Tmut       #.......     86%         4    #####..
 Blade Hands              Tmut           #.........   96%         5    ######.


Dungeon Overview and Level Annotations

Branches:
Dungeon (1/15)

Altars:


Innate Abilities, Weirdness & Mutations

Your plain brown scales are hard. (AC +4)
You cannot fit into any form of body armour.
You are cold-blooded and may be slowed by cold attacks.


Message History

Your Dodging skill increases to level 2!
Your talons disappear.
The jackal bites you.
* * * LOW HITPOINT WARNING * * *
The jackal bites you but does no damage.
The jackal closely misses you.
You closely miss the jackal. The jackal barely misses you.
The jackal misses you. The jackal barely misses you.
You barely miss the jackal.
Your tail-slap misses the jackal.
The jackal bites you but does no damage. x2
The jackal misses you. The jackal bites you.
* * * LOW HITPOINT WARNING * * *
The jackal bites you but does no damage.
You hit the jackal but do no damage.
Your tail-slap misses the jackal.
The jackal barely misses you. x2
You hit the jackal.
Your tail-slap misses the jackal.
Your punch misses the jackal.
The jackal is almost dead.
The jackal closely misses you. The jackal bites you.
You die...

# .## ..##
....###
#########..#....
#$.........#...
#.......##...#
#...)†h@#...# .
#.....h.#..# ..
#..........## ...
#...........##..#
...
#.....÷..........
#.#
#...........#.##
#.# ##.#####....#
#.# #.
#.......### ##.#
#.##.##......#


You could see 2 jackals.

Vanquished Creatures
  2 giant cockroaches (D:1)
  A hobgoblin (D:1)
  A jackal (D:1)
  2 kobolds (D:1)
  5 bats (D:1)
  3 frilled lizards (D:1)
14 creatures vanquished.

Notes
Turn   | Place    | Note
-------+----------+-------------------------------------------
     0 | D:1      | SQman the Draconian Transmuter began the quest for the Orb.
     0 | D:1      | Reached XP level 1. HP: 16/16 MP: 3/3
     2 | D:1      | Noticed a spriggan
     2 | D:1      | Noticed a human
     6 | D:1      | Noticed a dwarf
     8 | D:1      | Noticed a naga
     8 | D:1      | Noticed an elf
    10 | D:1      | Noticed a tengu
    10 | D:1      | Noticed a formicid
    12 | D:1      | Noticed a ghoul
    12 | D:1      | Noticed a troll
    14 | D:1      | Noticed a draconian
    14 | D:1      | Noticed a minotaur
    16 | D:1      | Noticed a gargoyle
    16 | D:1      | Noticed an octopode
    18 | D:1      | Noticed an ogre
    18 | D:1      | Noticed a centaur
    20 | D:1      | Noticed a demonspawn
    20 | D:1      | Noticed a demigod
    22 | D:1      | Noticed a merfolk
    22 | D:1      | Noticed a vampire
    24 | D:1      | Noticed a vine stalker
    24 | D:1      | Noticed a halfling
    26 | D:1      | Noticed a felid
   204 | D:1      | Reached XP level 2. HP: 14/23 MP: 5/5
   343 | D:1      | Slain by a jackal

Skill      XL: |  1  2 |
---------------+-------+-----
Dodging        | 2 |  2.0
Fighting       | |  1.1
Unarmed Combat | |  3.4
Spellcasting   | |  2.1
Transmutations | |  2.0

Action                   || total
-------------------------++-------
Melee: Unarmed           ||    65
       Tailslap          ||     7
       Kick              ||     3
 Cast: Beastly Appendage ||     4
  Use: Scroll            ||     5
       Potion            ||     1
Armor: Skin              ||    43
Dodge: Dodged            ||    88
